 Dungeon Crawl Stone Soup version 0.29.1-15-g9cfb28693d (webtiles) character file.

Game seed: 16568191199607653170

44 javelincjr the Magician (level 3, -1/25 HPs)
             Began as a Djinni Conjurer on Mar 10, 2023.
             Slain by a giant cockroach (2 damage)
             ... on level 1 of the Dungeon.
             The game lasted 00:02:06 (1345 turns).

javelincjr the Magician (Djinni Conjurer)           Turns: 1345, Time: 00:02:07

Health: -1/25      AC:  2    Str:  8    XL:     3   Next: 87%
Gold:   68         EV: 12    Int: 19    God:
                   SH:  0    Dex: 11

rFire   + + .      SeeInvis .   g - +4 dagger
rCold   x . .      Faith    .   (no shield)
rNeg    . . .      Spirit   .   a - +0 robe
rPois   ∞          Reflect  .   (no helmet)
rElec   .          Harm     .   (no cloak)
rCorr   .          Rampage  .   (no gloves)
Will    .....                   (boots unavailable)
Stlth   ++........              (no amulet)
HPRegen 0.08/turn               (no ring)
MPRegen 0.00/turn               (no ring)

@: flying
A: sickness immunity, fire resistance 2, cold vulnerability 1, float, innate
caster, HP casting, extra vitality 1
a: no special abilities


You were on level 1 of the Dungeon.
You visited 1 branch of the dungeon, and saw 1 of its levels.

You collected 68 gold pieces.

Inventory:

Hand Weapons
 g - a +4 dagger (weapon)
Armour
 a - a +0 robe (worn)
Scrolls
 b - 2 scrolls of identify {unknown}
 c - a scroll of summoning {unknown}
 d - a scroll of noise {unknown}
 f - a scroll of teleportation {unknown}
 h - a scroll of amnesia {unknown}
Potions
 e - a potion of resistance {unknown}


   Skills:
 + Level 3.0 Dodging
 + Level 2.3 Stealth
 + Level 3.6 Spellcasting


You couldn't memorise any spells.
You knew the following spells:

 Your Spells              Type           Power      Damage    Failure   Level
a - Magic Dart            Conj           68%        1d6       3%          1
b - Searing Ray           Conj           34%        2d5       4%          2
c - Dazzling Flash        Conj/Hex       34%        N/A       10%         3
d - Fulminant Prism       Conj/Hex       8%         3d7       32%         4
e - Iskenderun's Mystic   Conj/Tloc      17%        2d5       32%         4
f - Freeze                Ice            68%        1d8       3%          1
Your spell library was empty.

Dungeon Overview and Level Annotations

Branches:
Dungeon (1/15)

Altars:


Innate Abilities, Weirdness & Mutations

You are immune to sickness and miasma.
You are immune to poison.
Your flesh is very heat resistant. (rF++)
You are vulnerable to cold. (rC-)
You float through the air rather than walking.
You learn spells naturally, not from books.
Your magical power is your life essence.
You have superior vitality. (+4 MHP)


Message History

Aim: a giant cockroach (78% to hit)
The searing ray hits the endoplasm.
You kill the endoplasm!
The searing ray hits the giant cockroach.
The giant cockroach is almost dead.
The searing ray hits the giant cockroach!
You kill the giant cockroach! (Press . to maintain the ray.)
* * * LOW HITPOINT WARNING * * *
The giant cockroach bites you but does no damage.
Your Dodging skill increases to level 3!
The searing ray hits the rat!
You kill the rat!
The searing ray hits the giant cockroach!
You kill the giant cockroach!
The searing ray hits the rat!
You kill the rat!
* * * LOW HITPOINT WARNING * * *
The giant cockroach barely misses you.
Unknown command.
Casting: Searing Ray (safe; 4% risk of failure)
Confirm with . or Enter, or press ? or * to list all spells.
Aiming: Searing Ray (safe; 4% risk of failure)
Press: ? - help, Shift-Dir - straight line, f - endoplasm
Aim: an endoplasm (98% to hit)
The searing ray hits the giant cockroach.
The giant cockroach is severely wounded.
The searing ray hits the rat!
You kill the rat!
The searing ray hits the endoplasm.
You kill the endoplasm! (Press . to maintain the ray.)
* * * LOW HITPOINT WARNING * * *
The giant cockroach barely misses you.
The giant cockroach attacks as you move away!
The giant cockroach bites you but does no damage.
You hit the giant cockroach but do no damage.
The giant cockroach is severely wounded.
The giant cockroach bites you.
You die...

#.##.....###.#### #.# #.###..#.#
#....# #.# ...#####.###.##.#
#.############ ...# #.....##.#
#...##........ .#.#
###..###.####.#.##.#.##.#. ...#
#................(#.##.## ##.#
###.###+#######'###.#.##.# #.##
#...#..⌠...>...⌠..#.#.##.#
#..###.#.#.....@<......#...##.#
##.#.#....'⌠...B###....⌠'.####.##
#...#..##.#....B........#........
...#.#.##.#######†#######........
..........#............ #.####.##
....##.##.#......†......#.# #...
#.#.##.##.#.............#.## ####
#.#.#..##.###############..#
#.#.#......................#


You could see 2 giant cockroaches.

Vanquished Creatures
  2 dart slugs (D:1)
  3 bats (D:1)
  5 endoplasms (D:1)
  8 giant cockroaches (D:1)
  A hobgoblin (D:1)
  A jackal (D:1)
  A quokka (D:1)
  3 ball pythons (D:1)
  2 frilled lizards (D:1)
  3 goblins (D:1)
  9 rats (D:1)
38 creatures vanquished.

Notes
Turn   | Place    | Note
-------+----------+-------------------------------------------
     0 | D:1      | javelincjr the Djinni Conjurer began the quest for the Orb.
     0 | D:1      | javelincjr set off with the following spells memorised:
                  | Magic Dart, Searing Ray, Dazzling Flash, Fulminant Prism,
                  | Iskenderun's Mystic Blast.
     0 | D:1      | Reached XP level 1. HP: 15/15 MP: 0/0
     2 | D:1      | Found a runed translucent door.
   173 | D:1      | Reached XP level 2. HP: 19/21 MP: 0/0
   785 | D:1      | Reached XP level 3. HP: 24/25 MP: 0/0
   785 | D:1      | Learned a level 1 spell: Freeze
  1096 | D:1      | Found a faded altar of an unknown god.
  1345 | D:1      | Slain by a giant cockroach

Illustrated notes

Levels and vault maps discovered:
D:1:      dpeg_arrival_caged_fury, layout_loops_ring, basic_ecumenical_altar,
          serial_park_tiny_2, serial_bayou_lake_a

Skill      XL: |  1  2  3 |
---------------+----------+-----
Stealth        | 2 |  2.3
Dodging        | 3 |  3.0
Spellcasting   | |  3.6

Action                   || total
-------------------------++-------
Melee: Dagger            ||     5
 Cast: Magic Dart        ||    54
       Searing Ray       ||     2
Armor: Robe              ||     5
Dodge: Dodged            ||    14
